cohdb
Replays
Latest Replays
All Replays
Popular Replays
Top Player Replays
Match Explorer
How It Works
Community
CoH3 Stats
Reddit
Sign in to upload your games and track your stats! →
Sign in with Steam
Match 27552283
Unlisted
Match 27552283
Overview
Messages
Build Orders
End
Vickers Machine Gun Team
Construct Section Command Post
Selects Heavy Armor Battlegroup
Infantry Section
Dingo Light Scout Car
Infantry Section
Selects Rigorous Vehicle Training
Construct Platoon Command Post
Unlock M3 Stuart Light Tanks
M3 Stuart Light Tank
Infantry Section
Construct Company Command Post
Infantry Section
Matilda II Heavy Tank
Infantry Section
Selects Crusader AA Medium Tank
Selects UNKNOWN (2162094)
Infantry Section
Grenade Package
Selects Light Vehicle Withdraw and Refit
Selects Forward Repair Assembly
Matilda II Heavy Tank
Construct Field Infirmary
kaka2324
MMMMMMMMMMMM
0
0
Comments
sign in to comment!
No comments posted yet!